 Dungeon Crawl Stone Soup version 0.26-a0-712-ga5a9c9c9d0 (webtiles) character file.

Game seed: 6161938004900350807

73 dmks the Insei (level 4, 0/29 HPs)
             Began as an Octopode Transmuter on Nov 10, 2020.
             Slain by a gnoll
             ... wielding a +0 club
              (12 damage)
             ... on level 2 of the Dungeon.
             The game lasted 00:02:25 (1984 turns).

dmks the Insei (Octopode Transmuter)                Turns: 1984, Time: 00:02:25

Health: 0/29       AC:  1    Str:  9    XL:     4   Next: 27%
Magic:  6/7        EV: 14    Int: 15    God:
Gold:   127        SH:  0    Dex: 13    Spells: 6/7 levels left

rFire    . . .     SeeInvis .     - Unarmed
rCold    . . .     Faith    .   (no shield)
rNeg     . . .     Spirit   .   (helmet currently unavailable)
rPois    .         Reflect  .   (no amulet)
rElec    .         Harm     .   (no ring)
rCorr    .         Rampage  .   (no ring)
MR       .....                  (no ring)
Stlth    +++.......             (no ring)
HPRegen  0.09/turn              (no ring)
MPRegen  0.10/turn              (no ring)
                                (no ring)
                                (no ring)

@: appendages
A: almost no armour, stealthy swim, amphibious, 8 rings, constrict 8, tentacle
spike 3, camouflage 1, gelatinous body 1
a: End Transformation


You were on level 2 of the Dungeon.
One of your tentacles had a temporary spike.
You visited 1 branch of the dungeon, and saw 2 of its levels.

You collected 127 gold pieces.

Inventory:

Scrolls
 a - a scroll of fog {unknown}
 c - 3 scrolls of enchant weapon {unknown}
 e - a scroll of teleportation {unknown}
 g - 2 scrolls of identify {unknown}
Potions
 b - a potion of flight {unknown}
 d - a potion of stabbing {unknown}
 f - a potion of brilliance {unknown}
 h - a potion of berserk rage {unknown}


   Skills:
 + Level 1.6 Fighting
 + Level 2.4 Dodging
 + Level 1.6 Stealth
 * Level 3.6 Unarmed Combat
 + Level 2.3 Spellcasting
 + Level 2.4 Transmutations


You had 6 spell levels left.
You knew the following spells:

 Your Spells              Type           Power        Failure   Level
a - Beastly Appendage     Tmut           #.....       8%          1

Your spell library contained the following spells:

 Spells                   Type           Power        Failure   Level
 Wereblood                Tmut           #.......     12%         2
 Spider Form              Tmut/Pois      #.........   36%         3
 Ice Form                 Ice/Tmut       #.......     78%         4
 Blade Hands              Tmut           #.........   91%         5


Dungeon Overview and Level Annotations

Branches:
Dungeon (2/15)

Altars:


Innate Abilities, Weirdness & Mutations

You cannot wear most types of armour.
You are very stealthy in the water. (Stealth+)
You are amphibious.
You can wear up to eight rings at the same time.
You can use your tentacles to constrict eight enemies at once.
Your skin changes colour to match your surroundings (Stealth+).
Your rubbery body absorbs attacks. (AC +1, EV +1)
One of your tentacles bears a large vicious spike.


Message History

You tentacle-slap the rat.
You kill the rat!
No target in view!
Your tentacle spike disappears.
h - a fuming orange potion You now have 114 gold pieces (gained 15).
Found 23 bolts.
You see here 23 bolts.
Found 2 large rocks.
Found 28 bolts.
Found 13 gold pieces.
You now have 127 gold pieces (gained 13).
You see here 28 bolts.
Found a stone staircase leading down.
There is a stone staircase leading down here.
Found a plate armour.
A worm comes into view.
A worm is nearby!
A worm is nearby!
Found 16 bolts.
You barely miss the worm. You grab the worm. You squeeze the worm!
You constrict the worm. The worm misses you.
You tentacle-slap the worm but do no damage.
You constrict the worm. You tentacle-slap the worm.
You squeeze the worm, but do no damage. You constrict the worm.
The worm bites you.
You tentacle-slap the worm.
You kill the worm!
No target in view!
A gnoll comes into view. It is wielding a +0 club.
The gnoll shouts!
A gnoll comes into view. It is wielding a +0 spear.
A gnoll comes into view. It is wielding a +0 spear.
The gnoll moves out of view.
Found a robe.
One of your tentacles grows a vicious spike.
You closely miss the gnoll.
The gnoll shouts! x2
Your grab misses the gnoll. The gnoll barely misses you.
The gnoll hits you from afar with a cursed +0 spear.
The gnoll hits you from afar with a +0 spear.
You tentacle-slap the gnoll. Your grab misses the gnoll.
You pierce the gnoll.
The gnoll hits you from afar with a cursed +0 spear.
The gnoll hits you with a +0 club. The gnoll completely misses you.
You closely miss the gnoll. You grab the gnoll. You constrict the gnoll.
The gnoll closely misses you.
The gnoll hits you from afar with a cursed +0 spear!
* * * LOW HITPOINT WARNING * * *
The gnoll hits you with a +0 club!
You die... .....#.# ..####.# .......# ..###### #.# ### ## #.## .. .### ...# # #. gg.

...# ####.#.#.###g#
...# #....#[....@#
#### #.#######.###
# ##....#....# #
##.#.#.#.####
####.###>.#.######
....## ##..........
.....###.#.##.##...
......#.##.# ..(
.......# #[# ##.


You could see 3 gnolls.

Vanquished Creatures
  A gnoll (D:1)
  2 adders (D:2)
  An ooze (D:1)
  2 worms (D:2)
  2 leopard geckos (D:1)
  A ball python (D:1)
  2 giant cockroaches (D:1)
  7 goblins (D:1)
  5 hobgoblins
  A kobold (D:1)
  3 bats (D:1)
  2 frilled lizards
  4 rats
33 creatures vanquished.

Notes
Turn   | Place    | Note
-------+----------+-------------------------------------------
     0 | D:1      | dmks the Octopode Transmuter began the quest for the Orb.
     0 | D:1      | Reached XP level 1. HP: 13/13 MP: 3/3
   217 | D:1      | Reached XP level 2. HP: 11/18 MP: 5/5
   495 | D:1      | Reached skill level 1 in Stealth
   501 | D:1      | Reached XP level 3. HP: 23/23 MP: 6/6
  1759 | D:2      | Reached XP level 4. HP: 28/28 MP: 7/7
  1984 | D:2      | Slain by a gnoll

Illustrated notes

Levels and vault maps discovered:
D:1:      minmay_arrival_five_plusses, layout_basic,
          hangedman_decor_clover_reticule
D:2:      layout_loops_cross, nicolae_qazlal_eye_of_the_storm

Skill      XL: |  1  2 |
---------------+-------+-----
Stealth        | 1 |  1.6
Fighting       | |  1.6
Dodging        | |  2.4
Unarmed Combat | |  3.6
Spellcasting   | |  2.3
Transmutations | |  2.4

Action                   |  1- 3 |  4- 6 || total
-------------------------+-------+-------++-------
Melee: Unarmed           |    66 |    10 ||    76
       Constrict         |    17 |     3 ||    20
       Tentacles         |    12 |     2 ||    14
       Kick              |     2 |     2 ||     4
       Punch             |     1 |       ||     1
 Cast: Beastly Appendage |     3 |     2 ||     5
 Stab: Sleeping          |     9 |     2 ||    11
Armor: Skin              |    11 |       ||    11
Dodge: Dodged            |    30 |     4 ||    34

Table legend: (Time is in decaauts)
 A = Elapsed time spent in this place.
 B = Non-inter-level travel time spent in this place.
 C = Inter-level travel time spent in this place.
 D = Time resting spent in this place.
 E = Time spent auto-exploring this place.
 F = Levels seen in this place.
 G = Mean time per level.
                   A        B        C        D        E       F      G
               +--------+--------+--------+--------+--------+-----+--------+
         Total |   1978 |   1952 |     26 |    409 |   1308 |   2 |  989.0 |
       Dungeon |   1978 |   1952 |     26 |    409 |   1308 |   2 |  989.0 |
               +--------+--------+--------+--------+--------+-----+--------+

Top non-repeatable levels by time:
     D:1: 1392 daAuts
     D:2: 586 daAuts
